 Dungeon Crawl Stone Soup version 0.28-a0-1236-gb25a51b929 (webtiles) character file.

Game seed: 5466825175668585544

25 ragingrage the Caller (level 2, 0/11 HPs)
             Began as a Felid Summoner on Dec 25, 2021.
             Slain by a goblin (4 damage)
             ... led by Robin
             ... on level 2 of the Dungeon.
             The game lasted 00:02:24 (2368 turns).

ragingrage the Caller (Felid Summoner)              Turns: 2368, Time: 00:02:25

Health: 0/11       AC:  1    Str:  4    XL:     2   Next: 86%
Magic:  5/6        EV: 17    Int: 16    God:
Gold:   111        SH:  0    Dex: 16    Spells: 3/6 levels left
                                        Lives:  0   Deaths: 0

rFire   . . .      SeeInvis +   (weapon unavailable)
rCold   . . .      Faith    .   (shield unavailable)
rNeg    . . .      Spirit   .   (armour unavailable)
rPois   .          Reflect  .   (helmet unavailable)
rElec   .          Harm     .   (cloak unavailable)
rCorr   .          Rampage  .   (gloves unavailable)
Will    .....                   (boots unavailable)
Stlth   ++........              (no amulet)
HPRegen 0.03/turn               (no ring)
MPRegen 0.10/turn               (no ring)

@: quick
A: very small, claws 1, fangs 3, see invisible, speed 1, shaggy fur 1, stealthy
paws, no weapons or thrown items, no armour, multi-lived
a: no special abilities


You were on level 2 of the Dungeon.
You visited 1 branch of the dungeon, and saw 2 of its levels.

You collected 111 gold pieces.

Inventory:

Scrolls
 c - a scroll of silence {unknown}
 e - a scroll of identify {unknown}
Potions
 a - a potion of might {unknown}
 b - 2 potions of haste {unknown}
 d - a potion of curing {unknown}
 f - 2 potions of cancellation {unknown}


   Skills:
 - Level 2.6 Dodging
 - Level 2.6 Stealth
 + Level 2.6 Spellcasting
 + Level 4.4 Summonings


You had 3 spell levels left.
You knew the following spells:

 Your Spells              Type           Power      Damage    Failure   Level
a - Summon Small Mammal   Summ           64%        N/A       3%          1
b - Call Imp              Summ           16%        N/A       4%          2

Your spell library contained the following spells:

 Spells                   Type           Power      Damage    Failure   Level
 Call Canine Familiar     Summ           16%        N/A       10%         3
 Summon Guardian Golem    Hex/Summ       9%         N/A       24%         3
 Corpse Rot               Necr/Air       4%         N/A       28%         2
 Poisonous Vapours        Pois/Air       4%         N/A       28%         2
 Dazzling Flash           Conj/Hex       4%         N/A       50%         3
 Summon Lightning Spire   Summ/Air       9%         N/A       61%         4
 Agony                    Necr           2%         N/A       99%         5
 Silence                  Hex/Air        1%         N/A       99%         5


Dungeon Overview and Level Annotations

Branches:
Dungeon (2/15)

Altars:

Annotations:
D:2 Robin


Innate Abilities, Weirdness & Mutations

You have sharp claws.
You have razor-sharp teeth.
You have supernaturally acute eyesight. (SInv)
You cover ground quickly. (Speed+)
You are covered in fur. (AC +1)
Your paws help you pounce on unaware monsters.
You are incapable of wielding weapons or throwing items.
You cannot wear armour.
You gain extra lives every three experience levels.


Message History

A beastly little devil appears in a puff of frigid air.
Unknown command.
What are your orders? t - Meow!
Orders for allies: a - Attack new target. r - Retreat! s - Stop attacking. g - Guard the area. f - Follow me.
Anything else - Cancel.
Gang up on whom?
Press: ? - help, Dir - move target, f - you
Okay, then.
What are your orders? t - Meow!
Orders for allies: a - Attack new target. r - Retreat! s - Stop attacking. g - Guard the area. f - Follow me.
Anything else - Cancel.
Gang up on whom?
Press: ? - help, Dir - move target, f - goblin
Aim: a goblin, wielding a +0 club (ally target) Attack!
You barely miss the goblin. The goblin misses you.
Your white imp gestures at the goblin.
The puff of frost misses the goblin.
You barely miss the goblin. The goblin hits you but does no damage.
You scratch the goblin.
The goblin is moderately wounded.
The goblin hits you with a +0 club. The goblin hits you with a +0 club.
What are your orders? t - Meow!
Orders for allies: a - Attack new target. p - Attack previous target. r - Retreat! s - Stop attacking. g - Guard the area. f - Follow me.
Anything else - Cancel.
Gang up on whom?
Press: ? - help, Dir - move target, f/p - goblin
Aim: a goblin, wielding a +0 club (moderately wounded, ally target) Attack!
The goblin barely misses you. The goblin hits you with a +0 dagger.
You die...

#######..#g...##..####...
.... #.......###....####
.....##............(.....
........#...5........####
......#...#.#######....#
..........#.# .##.#
............# .. ...
......#..g.####### ... ..
#####.#..g@....... ... .
#.#...####...#######...
#.#....##. #.#.....#...
#####.#..#.##.##.#.<._.#...
##.).#.........#..#.....#...
##.................#######...
#.................(...... .
#........................
#...........####.........


You could see 2 goblins and a friendly white imp (summoned).

Vanquished Creatures
  A goblin (D:2)
  A hobgoblin (D:1)
  A ball python (D:1)
  A frilled lizard (D:1)
4 creatures vanquished.

Vanquished Creatures (collateral kills)
  2 dart slugs
  An endoplasm (D:1)
  2 giant cockroaches (D:1)
  2 goblins (D:1)
  A hobgoblin (D:1)
  A quokka (D:1)
  2 ball pythons (D:1)
  2 frilled lizards (D:1)
  4 kobolds (D:1)
  2 rats (D:1)
19 creatures vanquished.

Grand Total: 23 creatures vanquished

Notes
Turn   | Place    | Note
-------+----------+-------------------------------------------
     0 | D:1      | ragingrage the Felid Summoner began the quest for the Orb.
     0 | D:1      | Reached XP level 1. HP: 7/7 MP: 4/4
   478 | D:1      | Reached XP level 2. HP: 11/11 MP: 3/6
   553 | D:1      | Learned a level 2 spell: Call Imp
  1835 | D:2      | Noticed Robin
  2281 | D:2      | Found a faded altar of an unknown god.
  2368 | D:2      | Slain by a goblin

Illustrated notes

Levels and vault maps discovered:
D:1:      lightli_arrival_maybe_door_vault, layout_loops_corners
D:2:      layout_rooms, nicolae_ecumenical_oubliette, uniq_robin, uniq_terence

Action                   || total
-------------------------++-------
Melee: Unarmed           ||    32
       Bite              ||     3
 Cast: Summon Small Mamm ||    18
       Call Imp          ||    10
 Stab: Sleeping          ||     2
Armor: Skin              ||     4
Dodge: Dodged            ||    38

Table legend: (Time is in decaauts)
 A = Elapsed time spent in this place.
 B = Non-inter-level travel time spent in this place.
 C = Inter-level travel time spent in this place.
 D = Time resting spent in this place.
 E = Time spent auto-exploring this place.
 F = Levels seen in this place.
 G = Mean time per level.
                   A        B        C        D        E       F      G
               +--------+--------+--------+--------+--------+-----+--------+
         Total |   2171 |   2077 |     94 |    653 |   1158 |   2 | 1085.5 |
       Dungeon |   2171 |   2077 |     94 |    653 |   1158 |   2 | 1085.5 |
               +--------+--------+--------+--------+--------+-----+--------+

Top non-repeatable levels by time:
     D:1: 2086 daAuts
     D:2: 85 daAuts
